 Dungeon Crawl Stone Soup version 0.30-a0-802-gb92711bcdf (webtiles) character file.

Game seed: 9160937181213887899

111 jimonade the Trooper (level 4, -2/45 HPs)
             Began as an Ogre Warper on Feb 24, 2023.
             Slain by a worm (7 damage)
             ... on level 2 of the Dungeon.
             The game lasted 00:04:22 (2352 turns).

jimonade the Trooper (Ogre Warper)                  Turns: 2352, Time: 00:04:23

Health: -2/45      AC:  5    Str: 15    XL:     4   Next: 92%
Magic:  7/7        EV: 10    Int: 14    God:
Gold:   87         SH:  0    Dex: 10    Spells: 1/8 levels left

rFire   . . .      SeeInvis .    a - +0 mace
rCold   . . .      Faith    .    (no shield)
rNeg    . . .      Spirit   .    b - +0 robe
rPois   .          Reflect  .    q - +2 hat
rElec   .          Harm     .    (no cloak)
rCorr   .          Rampage  .    (gloves unavailable)
Will    .....                    (boots unavailable)
Stlth   +                        (no amulet)
HPRegen 0.27/turn                (no ring)
MPRegen 0.10/turn                (no ring)

@: no status effects
A: large, unfitting armour, tough skin 1
a: no special abilities


You were on level 2 of the Dungeon.
You visited 1 branch of the dungeon, and saw 3 of its levels.

You collected 87 gold pieces.

Inventory:

Hand Weapons
 a - a +0 mace (weapon)
 j - a +0 flail
 k - a +0 sling
Missiles
 d - 7 boomerangs of dispersal (quivered)
 h - 20 stones
Armour
 b - a +0 robe (worn)
 q - a +2 hat (worn)
Scrolls
 c - a scroll of blinking
 e - a scroll of poison {unknown}
 f - 2 scrolls of teleportation {unknown}
 g - 4 scrolls of identify {unknown}
Potions
 i - a potion of attraction {unknown}
 l - a potion of mutation {unknown}
 m - a potion of lignification {unknown}
 n - 2 potions of heal wounds {unknown}
 o - a potion of degeneration {unknown}
 p - a potion of flight {unknown}


   Skills:
 + Level 3.4 Fighting
 + Level 3.2 Maces & Flails
 + Level 1.0 Throwing
 + Level 2.5 Dodging
 + Level 0.4 Stealth
 - Level 2.5 Spellcasting
 * Level 3.2 Translocations


You had one spell level left.
You knew the following spells:

 Your Spells              Type           Power      Damage    Failure   Level
a - Blink                 Tloc           20%        N/A       9%          2
b - Lesser Beckoning      Tloc           20%        N/A       9%          2
c - Teleport Other        Tloc           10%        N/A       17%         3

Your spell library contained the following spells:

 Spells                   Type           Power      Damage    Failure   Level
 Vhi's Electric Charge    Tloc/Air       12%        N/A       34%         3
 Manifold Assault         Tloc           10%        N/A       50%         4
 Arcjolt                  Conj/Air       0%         1d10      99%         5
 Maxwell's Capacitive Co  Air            0%         ∞         100%        8


Dungeon Overview and Level Annotations

Branches:
Dungeon (3/15)

Altars:


Innate Abilities, Weirdness & Mutations

You are too large for most types of armour.
You have tough skin. (AC +1)


Message History

You hit Terence.
Terence is moderately wounded.
Terence misses you.
You hit Terence.
Terence is severely wounded.
Terence hits you with a +0 hand axe!
You hit Terence.
Terence is severely wounded.
Terence closely misses you. Terence hits you with a +0 hand axe!
You hit Terence.
You kill Terence!
You barely miss the worm. The worm bites you!
You climb upwards.
There is a stone staircase leading down here.
You barely miss the worm. The worm bites you but does no damage.
You thump the worm!
The worm is heavily wounded.
The worm bites you.
You hit the worm.
The worm is heavily wounded.
You completely miss the worm.
The worm is heavily wounded.
The worm bites you.
You completely miss the worm.
The worm is heavily wounded.
The worm bites you!
* * * LOW HITPOINT WARNING * * *
You barely miss the worm.
The worm is moderately wounded.
You hit the worm.
The worm is heavily wounded.
The worm bites you but does no damage.
You sock the worm!
The worm is almost dead.
The worm bites you.
* * * LOW HITPOINT WARNING * * *
You barely miss the worm.
The worm is almost dead.
The worm bites you!
You die...

###.####.###.#..# #.#
#.........#...## #.#
############.########..## #.#
...................)#..######.#
.....###......#####...........#
.....# #.......##...###########
.....# #..........#.# .....#
#......##.w#.# .....#
#########@...# .....# #...#
###### .....# #.#.##########
..[..# #............# .....#
#............# .....#
#............# ######
#............# #............#
#............#


You could see a worm.

Vanquished Creatures
  Terence (D:3)
  A gnoll (D:1)
  3 adders (D:2)
  A dart slug (D:1)
  2 orcs
  5 endoplasms
  A giant cockroach (D:2)
  4 hobgoblins (D:1)
  7 jackals (D:1)
  3 kobolds
  A quokka (D:2)
  3 ball pythons (D:1)
  4 bats (D:1)
  6 frilled lizards
  2 goblins
  A rat (D:2)
45 creatures vanquished.

Notes
Turn   | Place    | Note
-------+----------+-------------------------------------------
     0 | D:1      | jimonade the Ogre Warper began the quest for the Orb.
     0 | D:1      | Reached XP level 1. HP: 22/22 MP: 3/3
   224 | D:1      | Reached XP level 2. HP: 28/29 MP: 5/5
   514 | D:1      | Reached XP level 3. HP: 28/36 MP: 6/6
  1298 | D:2      | Reached XP level 4. HP: 37/45 MP: 7/7
  1375 | D:2      | Learned a level 2 spell: Blink
  1378 | D:2      | Learned a level 2 spell: Lesser Beckoning
  1382 | D:2      | Learned a level 3 spell: Teleport Other
  1472 | D:2      | Found a faded altar of an unknown god.
  2195 | D:3      | Noticed Terence
  2340 | D:3      | Killed Terence
  2352 | D:2      | Slain by a worm

Illustrated notes

Levels and vault maps discovered:
D:1:      roderic_octagonal_star, layout_loops_ring, nicolae_eternal_life,
          nrook_campfire
D:2:      layout_basic, ebering_ecumenical_altar_sacrificial,
          minmay_pentomino_o2
D:3:      layout_basic, grunt_temple_overflow_holy_war, chequers_mini_garden,
          grunt_ministairs_4, uniq_terence

Skill      XL: |  1  2  3  4 |
---------------+-------------+-----
Translocations | 3 |  3.2
Maces & Flails | 2 3 |  3.2
Fighting       | 3 |  3.4
Throwing       | |  1.0
Dodging        | |  2.5
Stealth        | |  0.4
Spellcasting   | |  2.5

Action                     |  1- 3 |  4- 6 || total
---------------------------+-------+-------++-------
  Melee: Mace              |   101 |    73 ||   174
   Stab: Sleeping          |     1 |     1 ||     2
 Armour: Robe              |    26 |    29 ||    55
  Dodge: Dodged            |    69 |    28 ||    97

Table legend: (Time is in decaauts)
 A = Elapsed time spent in this place.
 B = Non-inter-level travel time spent in this place.
 C = Inter-level travel time spent in this place.
 D = Time resting spent in this place.
 E = Time spent auto-exploring this place.
 F = Levels seen in this place.
 G = Mean time per level.
                   A        B        C        D        E       F      G
               +--------+--------+--------+--------+--------+-----+--------+
         Total |   2402 |   2225 |    177 |     62 |   1637 |   3 |  800.7 |
       Dungeon |   2402 |   2225 |    177 |     62 |   1637 |   3 |  800.7 |
               +--------+--------+--------+--------+--------+-----+--------+

Top non-repeatable levels by time:
     D:1: 1170 daAuts
     D:2: 1168 daAuts
     D:3: 63 daAuts
